Map: Torches LE

Players

Lambo - Winner!

  • Race: Zerg Zerg
  • Spawn Location: 1:00

HeroMarine

  • Race: Terran Terran
  • Spawn Location: 5:00

Event: Esports World Cup 2025

VOD

Have the link to the VOD?

Description

Time

  • Played on: July 22, 2025, 6:24 a.m.
  • Length: 7:58

All games in this series

Show
View Real Time Build Order
Export as new Build Order

Lambo Zerg - Winner!

Build Orders: Hatch First 

Get SALT Encoding   

  12  0:00  Drone  
  13  0:09  Drone  
  14  0:14  Extractor  
  14  0:15  Drone  
  15  0:35  Hatchery  
  14  0:40  Drone, Extractor  
  15  0:46  Overlord  
  15  1:01  Spawning Pool  
  14  1:06  Drone  
  14  1:09  Drone  
  16  1:13  Drone  
  16  1:17  Drone  
  18  1:27  Drone  
  19  1:38  Drone  
  20  1:47  Drone  
  20  1:48  Queen  
  20  1:49  Queen  
  20  1:53  Drone  
  26  1:58  Drone  
  27  2:05  Overlord  
  27  2:08  Zergling x2  
  28  2:24  Extractor  
  28  2:26  Queen  
  28  2:28  Drone x3  
  31  2:30  Drone  
  31  2:33  Overlord  
  32  2:41  Drone, Extractor  
  32  2:42  Drone  
  35  2:52  Drone  
  35  2:53  Extractor  
  35  2:57  Drone x7  
  42  2:59  Extractor  
  42  3:05  Hatchery  
  41  3:06  Drone  
  41  3:10  Overlord  
  42  3:16  Drone  
  43  3:20  Drone  
  43  3:21  Roach Warren  
  43  3:27  Drone  
  43  3:29  Drone  
  43  3:30  Extractor  
  43  3:33  Drone x5  
  49  3:36  Overlord  
  49  3:38  Drone  
  49  3:40  Drone  
  51  3:42  Extractor  
  50  3:50  Drone  
  51  3:55  Lair  
  51  3:56  Overlord  
  51  4:03  Drone x2  
  51  4:06  Drone x3, Evolution Chamber  
  51  4:09  Drone x3  
  58  4:10  Evolution Chamber  
  58  4:14  Overlord  
  57  4:17  Drone x2  
  59  4:24  Drone  
  59  4:25  Drone  
  59  4:27  Extractor  
  59  4:29  Evolution Chamber  
  59  4:30  Roach  
  62  4:35  Evolution Chamber  
  62  4:38  Roach x4  
  70  4:39  Drone x2  
  70  4:41  Drone x2  
  70  4:42  Overlord  
  70  4:44  Zerg Ground Armor Level 1  
  74  4:49  Overlord  
  74  4:53  Overlord  
  74  5:00  Overlord  
  74  5:04  Roach  
  74  5:06  Drone x4  
  80  5:08  Spore Crawler  
  80  5:11  Drone x2  
  80  5:13  Zerg Missile Weapons Level 1  
  80  5:19  Drone x2  
  80  5:20  Drone x2  
  85  5:21  Extractor  
  85  5:23  Extractor  
  85  5:24  Drone, Glial Reconstitution  
  85  5:26  Roach  
  86  5:29  Drone  
  86  5:32  Drone x2  
  86  5:35  Overseer  
  89  5:39  Overlord  
  89  5:41  Roach  
  91  5:47  Roach  
  91  5:48  Roach x3  
  99  5:51  Roach  
  99  5:54  Roach x2  
  99  5:56  Overlord  
  105  5:59  Roach x4  
  105  6:01  Overlord  
  105  6:02  Overlord  
  112  6:08  Overlord x2  
  112  6:17  Roach x4  
  120  6:20  Overlord  
  120  6:21  Roach  
  122  6:26  Roach x6  
  122  6:28  Ravager x5  
  122  6:30  Roach x3  
  145  6:34  Ravager  
  145  6:37  Roach  
  148  6:42  Roach x2  
  148  6:46  Roach x3  
  158  6:49  Roach  
  158  6:53  Ravager  
  161  6:56  Overlord x2  
  161  7:03  Overlord  
  161  7:05  Overlord  
  161  7:14  Hatchery  
  161  7:15  Roach x8  
  176  7:19  Roach x2  
  167  7:24  Roach x6  
  167  7:29  Ravager  
  170  7:30  Roach  
  170  7:31  Roach x2  
  170  7:32  Ravager  
Show
View Real Time Build Order
Export as new Build Order

HeroMarine Terran 

Build Orders: Reaper Expand 

Get SALT Encoding   

  12  0:00  SCV  
  13  0:12  SCV  
  14  0:17  Supply Depot  
  14  0:24  SCV  
  15  0:38  SCV  
  15  0:39  Barracks  
  16  0:43  Refinery  
  16  0:50  SCV  
  17  1:03  SCV  
  18  1:15  SCV  
  19  1:26  Reaper  
  19  1:27  Orbital Command  
  20  1:39  Command Center  
  20  1:47  Supply Depot  
  20  1:52  SCV  
  21  1:58  Marine  
  22  2:04  SCV  
  23  2:11  Factory  
  23  2:16  SCV  
  23  2:18  Bunker  
  23  2:21  Barracks Reactor  
  23  2:28  SCV  
  24  2:40  SCV  
  25  2:46  Command Center  
  25  2:51  Orbital Command  
  25  2:53  SCV  
  26  3:04  Starport  
  26  3:05  SCV  
  26  3:10  Hellion  
  29  3:13  Marine x2  
  29  3:18  SCV  
  32  3:20  SCV  
  32  3:26  Refinery  
  33  3:30  SCV  
  33  3:31  Factory Tech Lab  
  33  3:32  SCV  
  35  3:35  Marine x2  
  37  3:43  SCV  
  37  3:45  SCV, Medivac  
  41  3:53  Marine x2  
  41  3:55  SCV  
  44  3:57  SCV  
  44  3:59  Orbital Command  
  45  4:07  Barracks, SCV  
  45  4:09  SCV  
  47  4:16  Barracks  
  49  4:19  SCV  
  49  4:20  Factory Reactor  
  49  4:21  SCV  
  49  4:25  Engineering Bay  
  49  4:27  Supply Depot  
  49  4:30  Marine  
  51  4:31  SCV x2  
  51  4:33  SCV  
  53  4:39  Refinery, Starport Tech Lab  
  53  4:43  SCV x2  
  53  4:45  SCV  
  56  4:48  Marine  
  56  4:51  Supply Depot  
  57  4:55  SCV x2  
  57  4:57  SCV  
  60  5:05  Marine  
  60  5:07  SCV  
  60  5:08  SCV  
  60  5:09  Starport Reactor, SCV  
  60  5:11  Barracks  
  63  5:15  Barracks  
  63  5:17  Stimpack, Siege Tank  
  63  5:19  SCV  
  63  5:20  SCV  
  66  5:21  SCV  
  66  5:22  Refinery, Marine  
  66  5:23  Marine x2  
  68  5:31  Supply Depot, Marine x2, SCV  
  68  5:32  SCV  
  68  5:33  Supply Depot, SCV  
  73  5:40  Orbital Command, Marine  
  73  5:42  Marauder  
  75  5:44  SCV  
  75  5:46  SCV  
  75  5:47  Supply Depot  
  77  5:53  Supply Depot, Medivac x2  
  77  5:55  Supply Depot, Siege Tank  
  77  5:56  SCV  
  85  5:58  SCV  
  85  6:02  Marine x2  
  85  6:04  Marine x2  
  88  6:06  Barracks Reactor  
  88  6:08  SCV x2  
  88  6:09  Barracks Reactor  
  88  6:10  SCV  
  93  6:13  Marine  
  94  6:19  Barracks, Marine  
  94  6:20  Marine  
  94  6:21  Barracks  
  94  6:22  Marine  
  94  6:24  Barracks, Marine  
  98  6:27  Medivac  
  98  6:28  Medivac  
  98  6:31  Marine  
  103  6:37  Bunker, Marine x2  
  103  6:39  Marine, Siege Tank  
  108  6:41  Supply Depot  
  108  6:42  Marine  
  108  6:45  Marine  
  108  6:46  Marine x3  
  113  6:49  Marine  
  113  6:51  Supply Depot  
  113  6:52  Supply Depot  
  114  6:55  Marine x2  
  114  6:57  Marine  
  114  6:59  Bunker  
  117  7:02  Marine  
  117  7:03  Marine x2  
  117  7:04  Marine x2, Engineering Bay  
  117  7:06  Marine  
  123  7:09  Bunker  
  123  7:12  Siege Tank  
  123  7:14  Marine x2  
  128  7:21  Marine x8  
  128  7:22  Marine  
  120  7:24  Marine  
  120  7:25  SCV x2  
  120  7:26  SCV  
  89  7:32  Marine x2  
  89  7:37  SCV  
Tags
 
Add a new tag
Caveats
  • Supply blocks, unpowered buildings, or Contaminate may cause inaccurate times.
  • Supply counts are checked every 10 seconds.